 Dungeon Crawl Stone Soup version 0.29-a0-557-g43b9904bd1 (webtiles) character file.

Game seed: 10016536975350376966

34 loir the Magician (level 3, -2/27 HPs)
             Began as a Djinni Fire Elementalist on June 8, 2022.
             Slain by Crazy Yiuf
             ... wielding a +2 quarterstaff of chaos
              (7 damage)
             ... on level 2 of the Dungeon.
             The game lasted 00:08:11 (1691 turns).

loir the Magician (Djinni Fire Elementalist)        Turns: 1691, Time: 00:08:11

Health: -2/27      AC:  2    Str:  7    XL:     3   Next: 50%
Gold:   95         EV: 12    Int: 27    God:
                   SH:  0    Dex: 13

rFire   + . .      SeeInvis .   m - +11 mace of the Hero {drain, +Blink rF- rCorr Int+9}
rCold   x . .      Faith    .   (no shield)
rNeg    . . .      Spirit   .   a - +0 robe
rPois   ∞          Reflect  .   (no helmet)
rElec   .          Harm     .   (no cloak)
rCorr   +          Rampage  .   (no gloves)
Will    .....                   (boots unavailable)
Stlth   ++........              (no amulet)
HPRegen 0.09/turn               (no ring)
MPRegen 0.00/turn               (no ring)

@: flying
A: sickness immunity, fire resistance 2, cold vulnerability 1, float, innate
caster, HP casting, extra vitality 1
a: Evoke Blink


You were on level 2 of the Dungeon.
You visited 1 branch of the dungeon, and saw 2 of its levels.

You collected 95 gold pieces.

Inventory:

Hand Weapons
 d - a +1 dagger of draining
 m - the +11 mace of the Hero (weapon) {drain, +Blink rF- rCorr Int+9}
   (You found it on level 2 of the Dungeon)

   A truly terrible weapon, it drains the life of any living foe it strikes.
   Int:       It affects your intelligence (+9).
   rF:        It makes you vulnerable to fire.
   +Blink:    It lets you blink.
   rCorr:     It protects you from acid and corrosion.
Missiles
 f - 57 stones
Armour
 a - a +0 robe (worn)
Wands
 k - a wand of mindburst (13)
Scrolls
 c - 2 scrolls of magic mapping {unknown}
 g - 2 scrolls of noise {unknown}
 h - a scroll of vulnerability {unknown}
 j - a scroll of poison {unknown}
 l - a scroll of teleportation
Potions
 b - a potion of curing {unknown}
 e - a potion of heal wounds {unknown}
 i - a potion of attraction {unknown}


   Skills:
 + Level 1.3 Fighting
 - Level 2.1 Dodging
 - Level 1.5 Stealth
 * Level 3.1 Spellcasting


You couldn't memorise any spells.
You knew the following spells:

 Your Spells              Type           Power      Damage    Failure   Level
a - Foxfire               Conj/Fire      84%        2x1d8     2%          1
b - Scorch                Fire           42%        2d7       3%          2
c - Conjure Flame         Conj/Fire      21%        6-21      7%          3
d - Inner Flame           Hex/Fire       21%        N/A       7%          3
e - Flame Wave            Conj/Fire      21%        2d7       24%         4
f - Shock                 Conj/Air       84%        1d8       2%          1
Your spell library was empty.

Dungeon Overview and Level Annotations

Branches:
Dungeon (2/15)

Altars:

Shops:
D:1 =

Annotations:
D:2 Crazy Yiuf


Innate Abilities, Weirdness & Mutations

You are immune to sickness and miasma.
You are immune to poison.
Your flesh is very heat resistant. (rF++)
You are vulnerable to cold. (rC-)
You float through the air rather than walking.
You learn spells naturally, not from books.
Your magical power is your life essence.
You have superior vitality. (+4 MHP)


Message History

Your magical contamination has completely faded away.
You see here a dart slug corpse.
l - a scroll of teleportation You see here a dart slug corpse.
f - 57 stones (gained 24)
You now have 95 gold pieces (gained 12).
Found a mace.
Found two maces.
You see here a +0 mace.
Found a slimy mace, five maces and a runed mace.
Found a runed translucent door.
You see here a +0 mace.
Found a mace.
You see here the +11 mace of the Hero {drain, +Blink rF- rCorr Int+9}.
m - the +11 mace of the Hero {drain, +Blink rF- rCorr Int+9} You feel clever.
You sense an unholy aura.
m - the +11 mace of the Hero (weapon)
{drain, +Blink rF- rCorr Int+9} You see here a +0 mace.
Found three maces.
You see here a +0 mace.
You reach down and open the door.
Crazy Yiuf cries, "Whiteboard agre sallow!"
Casting: Scorch (safe; 3% risk of failure)
Confirm with . or Enter, or press ? or * to list all spells.
Flames lash Crazy Yiuf.
Crazy Yiuf is lightly wounded.
Crazy Yiuf's fire resistance burns away.
Crazy Yiuf hits you with a +2 quarterstaff of chaos!
You closely miss Crazy Yiuf.
Crazy Yiuf is lightly wounded.
Crazy Yiuf hits you with a +2 quarterstaff of chaos!
* * * LOW HITPOINT WARNING * * *
You hit Crazy Yiuf. You drain Crazy Yiuf.
Crazy Yiuf is moderately wounded.
Crazy Yiuf is no longer more vulnerable to fire.
Crazy Yiuf screams, "Shower!"
Crazy Yiuf misses you.
Crazy Yiuf hits you with a +2 quarterstaff of chaos!
You die...

# # # #.. ##### #.#
#).)# #.# #.# #)))#
#.# #.# ))) #.# #.#
#g# #.# #.# #@## #.#
#.# # ##)# ..#
#.##.# #.## #.#
##....# ##)# #.#
#.....# ##)## #.#
#.##### ##..)# #.#
#†# #..P.#
#.####.##### #....#
#..........####....#


You could see Crazy Yiuf (very drained).

Vanquished Creatures
  A dart slug (D:2)
  8 ball pythons
  2 endoplasms (D:2)
  4 giant cockroaches
  4 goblins
  A hobgoblin (D:2)
  A quokka (D:2)
  2 bats
  2 frilled lizards
  2 kobolds
  A rat (D:1)
28 creatures vanquished.

Vanquished Creatures (others)
  62 foxfires
62 creatures vanquished.

Grand Total: 90 creatures vanquished

Notes
Turn   | Place    | Note
-------+----------+-------------------------------------------
     0 | D:1      | loir the Djinni Fire Elementalist began the quest for the
                  | Orb.
     0 | D:1      | Reached XP level 1. HP: 15/15 MP: 0/0
   378 | D:1      | Reached XP level 2. HP: 21/22 MP: 0/0
   644 | D:1      | Found Awoggira's Jewellery Shoppe.
   700 | D:1      | Reached skill level 1 in Fighting
   730 | D:1      | Found a faded altar of an unknown god.
  1273 | D:2      | Reached XP level 3. HP: 25/27 MP: 0/0
  1273 | D:2      | Learned a level 1 spell: Shock
  1310 | D:2      | Reached skill level 3 in Spellcasting
  1682 | D:2      | Found a runed translucent door.
  1683 | D:2      | Identified the +11 mace of the Hero {drain, +Blink rF-
                  | rCorr Int+9}
  1683 | D:2      | Noticed Crazy Yiuf
  1691 | D:2      | Slain by Crazy Yiuf

Illustrated notes

Levels and vault maps discovered:
D:1:      lemuel_arrival_lava_pool, layout_loops_ring,
          dreamdust_ecumenical_altar_statues, serial_shops,
          nicolae_shop_behind_doors
D:2:      wad_river_or_something, layout_loops_ring, uniq_crazy_yiuf_cottage,
          uniq_robin

Skill      XL: |  1  2  3 |
---------------+----------+-----
Fighting       | 1 |  1.3
Spellcasting   | 3 |  3.1
Dodging        | |  2.1
Stealth        | |  1.5

Action                   || total
-------------------------++-------
Melee: Unarmed           ||     5
       Dagger            ||     1
       Mace              ||     2
 Cast: Foxfire           ||    39
       Scorch            ||     8
  Use: Scroll            ||     1
Dodge: Dodged            ||    12

Table legend: (Time is in decaauts)
 A = Elapsed time spent in this place.
 B = Non-inter-level travel time spent in this place.
 C = Inter-level travel time spent in this place.
 D = Time resting spent in this place.
 E = Time spent auto-exploring this place.
 F = Levels seen in this place.
 G = Mean time per level.
                   A        B        C        D        E       F      G
               +--------+--------+--------+--------+--------+-----+--------+
         Total |   1690 |   1657 |     33 |      0 |   1504 |   2 |  845.0 |
       Dungeon |   1690 |   1657 |     33 |      0 |   1504 |   2 |  845.0 |
               +--------+--------+--------+--------+--------+-----+--------+

Top non-repeatable levels by time:
     D:1: 1180 daAuts
     D:2: 509 daAuts
